 Dungeon Crawl Stone Soup version 0.29-a0-275-g389c0b56f3 (console) character file.

Game seed: 1524144781697901529

409661 petzl the Eclecticist (level 24, -3/187 HPs)
             Began as a Formicid Arcane Marksman on Mar 11, 2022.
             Was the Champion of Vehumet.
             Splashed by a caustic shrike's acid (5 damage)
             ... on level 4 of the Depths on Mar 16, 2022.
             The game lasted 10:11:27 (89140 turns).

petzl the Eclecticist (Formicid Arcane Marksman)   Turns: 89140, Time: 10:11:29

Health: -3/187     AC: 22    Str: 21    XL:     24   Next: 61%
Magic:  5/45       EV: 12    Int: 32    God:    Vehumet [******]
Gold:   307        SH: 13    Dex: 14    Spells: 1/60 levels left

rFire   + + .      SeeInvis +   c - +3 staff {rElec rF++ rC++ AC+5}
rCold   + + .      Faith    .   Q - +1 kite shield {reflect}
rNeg    . . .      Spirit   .   x - +4 ring mail of the Ninety-Nine Cities {rPois Str+2 Int+5 Dex+3}
rPois   +          Reflect  +   (helmet unavailable)
rElec   +          Harm     .   N - +2 cloak {rCorr}
rCorr   +          Rampage  .   p - +2 pair of gloves "Pirue" {Will+}
Will    ++++.      Clarity  +   s - +2 pair of boots {Fly}
Stlth   ++++......              q - amulet of the acrobat
HPRegen 0.41/turn               L - ring "Yrghigoma" {rPois Int+6}
MPRegen 0.29/turn               O - ring of wizardry

@: corroded, flying
A: permanent stasis, dig shafts and tunnels, antennae 3, four strong arms,
clarity, strong-willed 1
}: 2/15 runes: serpentine, barnacled
a: Dig, Shaft Self, Renounce Religion


You were on level 4 of the Depths.
You worshipped Vehumet.
Vehumet was exalted by your worship.
You visited 10 branches of the dungeon, and saw 43 of its levels.

You collected 6101 gold pieces.
You spent 5794 gold pieces at shops.

Inventory:

Hand Weapons
 a - a +9 hand crossbow of venom
 b - a +4 quarterstaff of chaos
 c - the +3 Elemental Staff (weapon) {rElec rF++ rC++ AC+5}
   (You took it off a deep elf annihilator on level 3 of the Elven Halls)

   If the wielder is skilled in Evocations, they can discharge powerful blasts
   of elemental energy when striking with it.
   It enhances your fire, ice, earth and air magic.
   AC:        It affects your AC (+5).
   rF:        It greatly protects you from fire.
   rC:        It greatly protects you from cold.
   rElec:     It insulates you from electricity.
 j - the +10 mace of Karma {flame, rF++ rC- rN+ Will+}
   (You found it on level 2 of the Shoals)

   It burns those it strikes, dealing additional fire damage.
   rF:        It greatly protects you from fire.
   rC:        It makes you vulnerable to cold.
   rN:        It protects you from negative energy.
   Will:      It increases your willpower.
 t - a +2 rapier of electrocution
Missiles
 w - 4 curare-tipped darts {!*}
 D - 9 javelins
 F - 7 throwing nets
Armour
 p - the +2 pair of gloves "Pirue" (worn) {Will+}
   (You acquired it on level 1 of the Snake Pit)

   Will:      It increases your willpower.
 s - a +2 pair of boots of flying (worn)
 x - the +4 ring mail of the Ninety-Nine Cities (worn) {rPois Str+2 Int+5 Dex+3}
   (You found it on level 15 of the Dungeon)

   Str:       It affects your strength (+2).
   Int:       It affects your intelligence (+5).
   Dex:       It affects your dexterity (+3).
   rPois:     It protects you from poison.
 H - a +2 kite shield of protection
 N - a +2 cloak of preservation (worn)
 Q - a +1 kite shield of reflection (worn)
 S - a +1 kite shield of resistance
Jewellery
 d - a +6 ring of intelligence
 m - an amulet of regeneration
 q - an amulet of the acrobat (around neck)
 L - the ring "Yrghigoma" (left hand) {rPois Int+6}
   (You found it on level 3 of the Depths)

   [ring of intelligence]

   Int:       It affects your intelligence (+6).
   rPois:     It protects you from poison.
 O - a ring of wizardry (right hand)
Wands
 i - a wand of polymorph (12)
 o - a wand of acid (15)
 u - a wand of flame (89)
 J - a wand of paralysis (9)
 K - a wand of charming (4)
 M - a wand of digging (22)
 Y - a wand of iceblast (11)
 Z - a wand of mindburst (16)
Scrolls
 k - 9 scrolls of fog
 l - 7 scrolls of magic mapping
 v - a scroll of fear
 y - a scroll of enchant weapon
 A - 3 scrolls of holy word
 I - a scroll of brand weapon
 P - a scroll of immolation
Potions
 e - 5 potions of lignification
 f - 10 potions of curing
 g - 3 potions of heal wounds
 h - 2 potions of invisibility
 z - 4 potions of magic
 B - 6 potions of cancellation
 C - a potion of might
 E - 3 potions of resistance
 W - a potion of ambrosia
Miscellaneous
 n - a lightning rod (4/4)
 r - a condenser vane
 G - a phantom mirror
 R - a box of beasts


   Skills:
 - Level 14.6 Fighting
 - Level 2.0 Axes
 - Level 2.0 Staves
 - Level 4.0 Crossbows
 + Level 9.6 Armour
 - Level 6.0 Dodging
 - Level 12.0 Stealth
 - Level 13.1 Shields
 + Level 18.9 Spellcasting
 - Level 14.4 Conjurations
 - Level 3.6 Hexes
 - Level 5.0 Necromancy
 - Level 11.0 Translocations
 - Level 3.0 Transmutations
 * Level 18.5 Fire Magic
 - Level 7.0 Ice Magic
 - Level 7.5 Air Magic
 - Level 6.3 Earth Magic
 - Level 4.0 Poison Magic
 - Level 4.0 Evocations


You had one spell level left.
You knew the following spells:

 Your Spells              Type           Power      Damage    Failure   Level
a - Slow                  Hex            100%       N/A       1%          1
b - Fireball              Conj/Fire      58%        3d22      1%          5
c - Stone Arrow           Conj/Erth      100%       3d13      1%          3
f - Conjure Flame         Conj/Fire      100%       6-21      0%          3
l - Freezing Cloud        Conj/Ice/Air   59%        6-21      1%          5
m - Mephitic Cloud        Conj/Pois/Air  91%        N/A       1%          3
n - Fire Storm            Conj/Fire      58%        8d15      34%         9
o - Orb of Destruction    Conj           44%        9d12      1%          7
p - Passage of Golubria   Tloc           79%        N/A       1%          4
s - Sticky Flame          Conj/Fire      100%       2d11      1%          4
u - Sublimation of Blood  Necr           58%        N/A       1%          2
C - Conjure Ball Lightni  Conj/Air       50%        3x3d17    1%          6
I - Ignite Poison         Fire/Tmut/Pois 91%        N/A       1%          3
T - Olgreb's Toxic Radia  Pois           54%        N/A       1%          4

Your spell library contained the following spells:

 Spells                   Type           Power      Damage    Failure   Level
 Chain Lightning          Conj/Air       50%        3d66      93%         9
 Foxfire                  Conj/Fire      100%       2x1d9     0%          1
 Magic Dart               Conj           100%       1d8       0%          1
 Animate Skeleton         Necr           100%       N/A       1%          1
 Apportation              Tloc           100%       N/A       1%          1
 Pain                     Necr           100%       1d9       1%          1
 Sandblast                Erth           100%       2d20      1%          1
 Shock                    Conj/Air       100%       1d9       1%          1
 Sting                    Tmut/Pois      100%       1d8       1%          1
 Summon Small Mammal      Summ           100%       N/A       1%          1
 Scorch                   Fire           100%       2d10      0%          2
 Call Imp                 Summ           30%        N/A       1%          2
 Ensorcelled Hibernation  Hex/Ice        100%       N/A       1%          2
 Passwall                 Tmut/Erth      61%        N/A       1%          2
 Poisonous Vapours        Pois/Air       100%       N/A       1%          2
 Static Discharge         Conj/Air       100%       N/A       1%          2
 Confusing Touch          Hex            52%        N/A       1%          3
 Dazzling Flash           Conj/Hex       100%       N/A       1%          3
 Inner Flame              Hex/Fire       100%       N/A       1%          3
 Lesser Beckoning         Tloc           79%        N/A       1%          3
 Portal Projectile        Hex/Tloc       100%       N/A       1%          3
 Spider Form              Tmut/Pois      51%        N/A       1%          3
 Summon Guardian Golem    Hex/Summ       41%        N/A       1%          3
 Tukima's Dance           Hex            52%        N/A       1%          3
 Vampiric Draining        Necr           58%        2d10      1%          3
 Airstrike                Air            43%        N/A       1%          4
 Animate Dead             Necr           29%        N/A       1%          4
 Dispel Undead            Necr           58%        3d21      1%          4
 Flame Wave               Conj/Fire      100%       2d17      1%          4
 Hailstorm                Conj/Ice       99%        3d19      1%          4
 Ice Form                 Ice/Tmut       76%        N/A       1%          4
 Iskenderun's Mystic Bla  Conj/Tloc      84%        2d17      1%          4
 Leda's Liquefaction      Hex/Erth       37%        N/A       1%          4
 Petrify                  Tmut/Erth      74%        N/A       1%          4
 Irradiate                Conj/Tmut      36%        3d25      1%          5
 Iskenderun's Battlesphe  Conj           89%        2d14      1%          5
 Lee's Rapid Deconstruct  Erth           41%        3d21*     1%          5
 Lightning Bolt           Conj/Air       50%        1d71      1%          5
 Manifold Assault         Tloc           79%        N/A       1%          5
 Anguish                  Hex/Necr       27%        N/A       2%          4
 Cause Fear               Hex            26%        N/A       2%          4
 Summon Lightning Spire   Summ/Air       69%        N/A       2%          4
 Yara's Violent Unravell  Hex/Tmut       25%        3d11      2%          5
 Animate Armour           Summ/Erth      100%       N/A       3%          4
 Summon Ice Beast         Ice/Summ       68%        N/A       3%          4
 Borgnjor's Vile Clutch   Necr/Erth      39%        N/A       3%          5
 Agony                    Necr           58%        N/A       4%          5
 Excruciating Wounds      Necr           29%        N/A       4%          5
 Blade Hands              Tmut           24%        N/A       11%         5
 Spellforged Servitor     Conj/Summ      33%        N/A       14%         7
 Summon Mana Viper        Hex/Summ       41%        N/A       16%         5
 Simulacrum               Ice/Necr       40%        N/A       16%         6
 Death Channel            Necr           29%        N/A       24%         6
 Statue Form              Tmut/Erth      49%        N/A       26%         6
 Lehudib's Crystal Spear  Conj/Erth      49%        10d12     28%         8
 Maxwell's Capacitive Co  Air            43%        ∞         61%         8
 Disjunction              Tloc           39%        N/A       63%         8
 Malign Gateway           Summ/Tloc      30%        N/A       69%         7
 Storm Form               Tmut/Air       38%        N/A       73%         7
 Summon Cactus Giant      Summ           15%        N/A       86%         6
 Dragon Form              Tmut           24%        N/A       95%         7
 Monstrous Menagerie      Summ           15%        N/A       100%        7
 Discord                  Hex            26%        N/A       100%        8
 Summon Horrible Things   Summ           15%        N/A       100%        8
 Polar Vortex             Ice            42%        N/A       100%        9
 Blink                    Tloc           Unusable   N/A       N/A         2

Dungeon Overview and Level Annotations

Branches:
Dungeon (15/15)            Temple (1/1) D:5            Lair (6/6) D:11
 Shoals (4/4) Lair:2        Snake (4/4) Lair:3        Slime (0/5) Lair:5
    Orc (2/2) D:12            Elf (3/3) Orc:2        Vaults (3/5) D:14
  Crypt (1/3) Vaults:2     Depths (4/4) D:15
    Zot: Depths:4

Altars:
Ashenzari
Cheibriados
Dithmenos
Elyvilon
Fedhas
Gozag
Kikubaaqudgha
Makhleb
Nemelex Xobeh
Okawaru
Qazlal
Sif Muna
Trog
Vehumet
Wu Jian
Xom
Yredelemnul
Zin
The Shining One
Beogh

Shops:
D:2 *   D:12 (   Orc:1 !   Orc:2 ???[   Elf:3 :   Shoals:1 *?(:   Snake:1 ??*
Snake:2 *   Vaults:1 (*   Depths:3 *

Portals:
Hell: Depths:1 Depths:2 Depths:3
Abyss: Depths:3
Pandemonium: Depths:2 Depths:4
Ziggurat: Depths:2

Annotations:
Shoals:3 exclusion: 3 downstairs
Elf:2 exclusion: downstairs
Vaults:2 exclusions: 3 downstairs, ironbound convoker, stone giant and vault sentinel
Vaults:3 Jory
Crypt:1 Josephina
Depths:2 exclusion: 2 downstairs
Depths:3 exclusion: 2 downstairs, Vv


Innate Abilities, Weirdness & Mutations

You cannot be hasted, slowed, berserked, paralysed or teleported.
You can dig through walls and to a lower floor.
You have a pair of large antennae on your head. (SInv)
Your four strong arms can wield two-handed weapons with a shield.
You possess an exceptional clarity of mind.
You are strong-willed. (Will+)


Message History

The caustic shrike is heavily wounded.
The caustic shrike seems to burn from within.
The caustic shrike is moderately wounded.
The caustic shrike seems to burn from within!
The caustic shrike is moderately wounded.
The caustic shrike is poisoned. x3
Your toxic aura wanes.
You block the caustic shrike's attack.
The caustic shrike claws you but does no damage.
The caustic shrike is engulfed in blazing flames.
The caustic shrike claws you but does no damage. x2
The caustic shrike is engulfed in blazing flames.
Casting: Ignite Poison (safe; 1% risk of failure)
Confirm with . or Enter, or press ? or * to list all spells.
You feel a surge of power!
You ignite the poison in your surroundings!
The caustic shrike seems to burn from within.
The caustic shrike is severely wounded.
The caustic shrike seems to burn from within!
The caustic shrike is heavily wounded.
The caustic shrike seems to burn from within.
The caustic shrike is heavily wounded.
You block the caustic shrike's attack. The caustic shrike claws you!!
* * * LOW HITPOINT WARNING * * *
You are splashed with acid.
You resist.
* * * LOW HITPOINT WARNING * * *
The caustic shrike is engulfed in blazing flames. x2
The caustic shrike claws you!!
* * * LOW HITPOINT WARNING * * *
You are splashed with acid.
You resist.
* * * LOW HITPOINT WARNING * * *
You block the caustic shrike's attack.
You feel much better. The caustic shrike claws you!!
* * * LOW HITPOINT WARNING * * *
You are splashed with acid.
You resist.
* * * LOW HITPOINT WARNING * * *
The caustic shrike claws you.
* * * LOW HITPOINT WARNING * * *
You are splashed with acid.
You resist.
You die... {......... { {......... ....i..... .......... #........... ...........# ......†.C..#### #### ...!.[.[...#..# .###... { ...[().b......# ....... .............# ....... .....[.......# ##..... ####.....### §'..... ##..##.§§## ##.....##########○...##§## ......''..)...........'§# ......''..............'§# ##.....##########☼...##b# p'.....

#...#^..##..##bb# ##.....
##.)#....#####@## .......
##.............# .......
##....^....(.<## .###... {
#.............##### ##?####
{##................# #.....####
#......[[..#####.#
####......####.....[....## #.##
##..#.....................####..#
#.....)................[........#
#.........<...........##''##....#
.....................##....##...#
....................##......##..#
..................(.#........#..#
....................+........+..#
.♣..................+...∩....+..#
....................#........#..#
≈..P..............^.##......##.##
♣≈♣.........#..#.....##....##..#
≈≈..........#..##.#...##''##...#


You could see 3 caustic shrikes.

Vanquished Creatures
  Vashnia (Snake:2)
  Nikola (Lair:2)
  5 deep elf master archers
  2 walking divine tomes (Depths:3)
  3 deep elf blademasters
  A walking frostbound tome (Depths:2)
  Polyphemus (Shoals:4)
  Kirke (Lair:3)
  Gastronok (Lair:1)
  An ancient champion (Crypt:1)
  2 krakens
  Agnes (D:14)
  A sphinx (Vaults:2)
  Roxanne (Shoals:1)
  A shadow dragon (Depths:2)
  A tengu reaver (Depths:3)
  2 storm dragons
  Donald (Shoals:4)
  A fire giant (Depths:1)
  7 nagarajas
  Ilsuiw (Shoals:3)
  Louise (D:14)
  Aizul (Shoals:4)
  2 iron dragons (Depths:4)
  5 vault wardens
  A frost giant (Depths:1)
  5 deep elf sorcerers (Elf:3)
  2 deep elf elementalists (Elf:3)
  11 very ugly things
  A ghoul (Vaults:2)
  A spriggan defender (Depths:2)
  9 ironbound thunderhulks
  7 ironbound preservers
  3 vampire knights
  4 stone giants
  4 deep elf demonologists
  14 dire elephants
  9 deep elf annihilators
  An entropy weaver (Vaults:2)
  An eidolon (Crypt:1)
  9 deep elf death magi
  12 merfolk impalers
  Snorg (Lair:6)
  4 merfolk javelineers
  3 fire dragons (Depths:3)
  5 ettins
  2 great orbs of eyes
  3 yaktaur captains
  8 deep elf high priests (Elf:3)
  2 rakshasas (Depths:2)
  18 naga warriors
  3 boulder beetles
  5 ice dragons
  12 vault guards
  3 merfolk avatars
  4 ogre magi (Orc:2)
  8 centaur warriors
  9 hydras
  Harold (D:10)
  4 spriggan air magi
  6 ironbound frosthearts
  14 anacondas
  A catoblepas (D:15)
  6 salamander tyrants
  2 death knights
  3 merfolk aquamancers
  16 two-headed ogres
  23 dancing weapons
  3 satyrs
  5 tengu warriors
  4 death yaks (Shoals:4)
  18 naga sharpshooters
  5 deep troll earth magi
  11 shock serpents
  10 deep troll shamans
  7 hell knights
  2 spriggan berserkers
  Sonja (Lair:1)
  16 deep elf knights
  5 salamander mystics
  2 sun demons (Shoals:1)
  A sixfirhy (Depths:4)
  45 deep trolls
  7 iron trolls
  2 skeletal warriors (D:14)
  2 flayed ghosts
  12 sea snakes
  6 naga ritualists
  15 deep elf archers
  A glowing orange brain (shapeshifter) (D:13)
  4 wizards
  An orc knight (Orc:2)
  24 harpies
  2 phantasmal warriors
  3 lindwurms
  A spriggan simulacrum (Crypt:1)
  Pikel (D:6)
  5 ironbound convokers
  A tengu zombie (D:15)
  A human zombie (Vaults:1)
  11 manticores
  The ghost of frimble the Skirmisher, a novice DjCA of Ignis (D:5)
  29 deep elf zephyrmancers
  29 ugly things
  15 mana vipers
  A stone giant zombie (D:15)
  30 deep elf pyromancers
  An orc sorcerer (Orc:2)
  6 cyclopes
  4 necromancers
  A shadow dragon skeleton (D:15)
  32 salamanders
  8 fauns
  11 vault sentinels
  12 naga magi
  40 black mambas
  7 elephants
  12 water nymphs
  7 guardian serpents
  10 merfolk sirens
  16 cane toads
  A water nymph (shapeshifter) (Depths:3)
  The ghost of bearlyready the Chopper, a novice BaAr of Cheibriados (D:5)
  2 gargoyles
  2 torpor snails (Lair:5)
  2 unseen horrors
  A spriggan zombie (D:15)
  Maggie (D:6)
  2 efreet
  5 rime drakes
  10 yaktaurs
  14 komodo dragons
  2 tengu conjurers (D:15)
  A golden dragon simulacrum (Crypt:1)
  5 trolls
  A white draconian skeleton (Crypt:1)
  A yaktaur skeleton (Vaults:1)
  3 polar bears
  8 hornets
  34 merfolk
  Prince Ribbit (D:5)
  6 wind drakes
  The ghost of Esekla the Magician, an amateur DjCA of Ignis (D:5)
  8 snapping turtles
  19 slime creatures
  11 blink frogs
  20 dream sheep
  2 shadows
  4 centaur simulacra (D:14)
  5 spriggans
  4 air elementals
  A culicivora (Vaults:2)
  2 wraiths
  37 water elementals
  Eustachio (D:4)
  2 vampires
  3 basilisks
  2 wyverns
  43 yaks
  4 fire elementals
  4 hogs
  2 redbacks
  3 steam dragons (Lair:6)
  2 vampire mosquitoes (D:10)
  Grum (Lair:1)
  Menkaure (D:7)
  2 wargs
  34 nagas
  2 acid dragons
  19 water moccasins
  Duvessa (D:7)
  A meliai simulacrum (D:14)
  18 orc warriors
  9 ice beasts
  2 sky beasts
  A fire dragon simulacrum (Crypt:1)
  3 black bears (D:11)
  29 ogres
  48 wolves
  7 centaurs
  4 kobold brigands
  12 bullfrogs
  3 scorpions
  3 earth elementals
  2 human skeletons (Vaults:1)
  2 gnoll sergeants
  Dowan (D:7)
  5 killer bees
  7 electric eels
  8 howler monkeys
  2 lava snakes
  3 gnoll shamans
  2 hounds
  Crazy Yiuf (D:5)
  16 jellies
  12 orc priests
  4 iguanas
  Terence (D:3)
  Ijyb (D:4)
  Natasha (thrice) (D:4)
  13 orc wizards
  An ogre skeleton (Crypt:1)
  29 gnolls
  6 adders
  A shadow imp (D:7)
  5 white imps
  4 ufetubi
  A worm (D:2)
  The ghost of testman the Sneak, a weakling KoDe (D:5)
  The ghost of Esekla the Sneak, a weakling BaDe (D:5)
  5 dart slugs
  67 orcs
  11 ball pythons
  8 bats
  7 endoplasms
  3 giant cockroaches
  7 goblins
  11 hobgoblins
  18 jackals
  6 quokkas
  5 frilled lizards
  9 kobolds
  4 rats
  A butterfly (Lair:3)
  A fire vortex (D:15)
1589 creatures vanquished.

Vanquished Creatures (collateral kills)
  A salamander tyrant (Snake:3)
  A catoblepas (Shoals:4)
  3 anacondas (Snake:3)
  A naga ritualist (Snake:3)
  A deep troll (D:15)
  A harpy (Shoals:4)
  An ugly thing (D:14)
  A mana viper (Snake:3)
  2 salamanders (Snake:3)
  A black mamba (Snake:3)
  3 killer bees (D:8)
16 creatures vanquished.

Vanquished Creatures (others)
  A polar bear (D:13)
  A yak (D:10)
  An alligator snapping turtle simulacrum (Crypt:1)
  A naga (Snake:4)
  4 killer bees
  An orc priest (D:12)
  4 fire vortices
  88 fungi
  219 plants
  32 tentacles
  5 withered plants (D:15)
357 creatures vanquished.

Grand Total: 1962 creatures vanquished

Notes
Turn   | Place    | Note
-------+----------+-------------------------------------------
     0 | D:1      | petzl the Formicid Arcane Marksman began the quest for the
                  | Orb.
     0 | D:1      | Reached XP level 1. HP: 15/15 MP: 2/2
   104 | D:1      | Reached XP level 2. HP: 21/21 MP: 3/3
   273 | D:1      | Reached skill level 1 in Stealth
   470 | D:1      | Reached skill level 1 in Armour
   470 | D:1      | Reached XP level 3. HP: 26/26 MP: 5/5
  1219 | D:1      | Reached XP level 4. HP: 28/33 MP: 6/6
  1327 | D:1      | Found a faded altar of an unknown god.
  2220 | D:2      | Found Lewk's Assorted Antiques.
  2228 | D:2      | Bought an amethyst potion for 18 gold pieces
  2228 | D:2      | Bought a metallic dark potion for 18 gold pieces
  2228 | D:2      | Bought a black potion for 18 gold pieces
  2228 | D:2      | Bought a scroll labelled ROLAGI LURI for 20 gold pieces
  2577 | D:2      | You fall into a shaft and drop 2 floors!
  2864 | D:4      | Found an ancient bone altar of Kikubaaqudgha.
  2937 | D:4      | Found a glowing golden altar of the Shining One.
  2938 | D:4      | Found a shimmering blue altar of Sif Muna.
  2973 | D:4      | Reached XP level 5. HP: 38/38 MP: 6/8
  3027 | D:4      | Noticed Ijyb
  3083 | D:4      | Noticed Eustachio
  3091 | D:4      | Killed Eustachio
  3092 | D:4      | Reached skill level 1 in Evocations
  3092 | D:4      | Reached XP level 6. HP: 46/46 MP: 7/9
  3211 | D:2      | Bought a curved wooden wand for 80 gold pieces
  3425 | D:3      | Noticed Terence
  3463 | D:3      | Killed Terence
  3734 | D:3      | Found an opulent altar of Gozag.
  3735 | D:3      | Found a shimmering altar of Xom.
  3736 | D:3      | Found a broken altar of Ashenzari.
  3908 | D:4      | Noticed Natasha
  3916 | D:4      | Killed Natasha
  4305 | D:2      | Reached XP level 7. HP: 25/51 MP: 11/11
  6157 | D:3      | Reached skill level 1 in Axes
  6737 | D:4      | Reached XP level 8. HP: 39/58 MP: 12/12
  7063 | D:4      | Noticed Natasha
  7076 | D:4      | Killed Natasha
  7293 | D:4      | Killed Ijyb
  7427 | D:5      | Entered Level 5 of the Dungeon
  7750 | D:5      | Noticed Prince Ribbit
  8032 | D:4      | Noticed Natasha
  8047 | D:4      | Killed Natasha
  8298 | D:5      | Found a runed translucent gate.
  8298 | D:5      | Found a runed translucent gate.
  8298 | D:5      | Found a runed translucent gate.
  8328 | D:5      | Found a staircase to the Ecumenical Temple.
  8351 | Temple   | Entered the Ecumenical Temple
  8409 | Temple   | Became a worshipper of Vehumet
  8638 | D:5      | Noticed bearlyready's ghost (novice BaAr)
  8638 | D:5      | Noticed frimble's ghost (novice DjCA)
  8638 | D:5      | Noticed Esekla's ghost (amateur DjCA)
  8638 | D:5      | Noticed Esekla's ghost (weakling BaDe)
  8638 | D:5      | Noticed testman's ghost (weakling KoDe)
  8689 | D:5      | Killed Prince Ribbit
  8690 | D:5      | Reached skill level 5 in Stealth
  8929 | D:5      | Found a runed translucent door.
  8930 | D:5      | Noticed Crazy Yiuf
  8962 | D:5      | Killed Crazy Yiuf
  9007 | D:5      | Identified a scroll of acquirement
  9181 | D:6      | Noticed Maggie
  9314 | D:7      | Reached XP level 9. HP: 62/64 MP: 15/15
  9605 | D:7      | Reached skill level 5 in Fighting
  9854 | D:7      | Noticed Menkaure
  9865 | D:7      | Killed Menkaure
 10290 | D:6      | Noticed Pikel
 10357 | D:6      | Reached skill level 5 in Spellcasting
 10417 | D:6      | Killed Pikel
 10418 | D:6      | Reached skill level 1 in Staves
 10418 | D:6      | Reached skill level 5 in Dodging
 10899 | D:6      | Found a stormy altar of Qazlal.
 11065 | D:6      | Killed Maggie
 11307 | D:7      | Noticed Dowan
 11312 | D:7      | Noticed Duvessa
 11335 | D:7      | Killed Duvessa
 11336 | D:7      | Reached XP level 10. HP: 67/76 MP: 17/19
 11336 | D:7      | Killed Dowan
 12196 | D:8      | Found a blossoming altar of Fedhas.
 12548 | D:9      | Reached * piety under Vehumet
 12548 | D:9      | Offered knowledge of Magic Dart by Vehumet.
 12568 | D:9      | Learned a level 5 spell: Lightning Bolt
 12869 | D:8      | Reached skill level 1 in Conjurations
 12869 | D:8      | Reached skill level 1 in Air Magic
 12962 | D:8      | Found a shadowy altar of Dithmenos.
 13019 | D:7      | Noticed a deep elf zephyrmancer
 13352 | D:7      | You are sucked into a shaft and drop 1 floor!
 13711 | D:7      | Learned a level 3 spell: Stone Arrow
 13853 | D:7      | Killed a deep elf zephyrmancer
 13961 | D:7      | Noticed a cyclops
 14193 | D:5      | You are sucked into a shaft and drop 3 floors!
 14368 | D:8      | Found a basalt altar of Yredelemnul.
 14431 | D:8      | You are sucked into a shaft and drop 2 floors!
 14431 | D:10     | Entered Level 10 of the Dungeon
 14431 | D:10     | Found a burning altar of Makhleb.
 14913 | D:10     | Reached XP level 11. HP: 39/80 MP: 18/21
 15596 | D:10     | Reached skill level 5 in Earth Magic
 16149 | D:5      | Killed testman's ghost
 16160 | D:5      | You are sucked into a shaft and drop 1 floor!
 16259 | D:5      | Killed bearlyready's ghost
 16260 | D:5      | Reached skill level 5 in Conjurations
 16537 | D:5      | Killed Esekla's ghost
 16733 | D:5      | Learned a level 3 spell: Mephitic Cloud
 16739 | D:5      | Learned a level 5 spell: Freezing Cloud
 16743 | D:5      | Learned a level 3 spell: Ignite Poison
 16933 | D:5      | You are sucked into a shaft and drop 3 floors!
 17618 | D:10     | Reached skill level 1 in Ice Magic
 17618 | D:10     | Reached skill level 1 in Poison Magic
 17644 | D:10     | Noticed Harold
 18139 | D:9      | Noticed a two-headed ogre
 18170 | D:9      | Killed a two-headed ogre
 18991 | D:10     | Killed Harold
 18992 | D:10     | Reached skill level 1 in Fire Magic
 19215 | D:10     | Noticed a two-headed ogre
 19223 | D:10     | Killed a two-headed ogre
 19426 | D:10     | Found an iron altar of Okawaru.
 19793 | D:10     | Reached XP level 12. HP: 89/89 MP: 15/22
 19872 | D:10     | Found a snail-covered altar of Cheibriados.
 19994 | D:11     | Reached skill level 1 in Transmutations
 20918 | D:11     | Reached ** piety under Vehumet
 20918 | D:11     | Offered knowledge of Scorch by Vehumet.
 21463 | D:11     | Found a staircase to the Lair.
 22075 | D:12     | Noticed an eight-headed hydra
 22520 | D:12     | Learned a level 3 spell: Conjure Flame
 22541 | D:12     | Found Fogiurch's Weapon Emporium.
 22543 | D:12     | Found a staircase to the Orcish Mines.
 22726 | D:12     | Killed an eight-headed hydra
 22913 | D:12     | Noticed a six-headed hydra
 22933 | D:12     | Killed a six-headed hydra
 22934 | D:12     | Reached skill level 5 in Ice Magic
 23832 | D:14     | Learned a level 4 spell: Sticky Flame
 23989 | D:14     | Noticed a six-headed hydra
 24119 | D:13     | Noticed a centaur warrior
 24190 | Lair:1   | Entered Level 1 of the Lair of Beasts
 24283 | Lair:1   | Noticed Sonja
 24671 | Lair:1   | Reached skill level 5 in Fire Magic
 24682 | Lair:1   | Noticed Grum
 24711 | Lair:1   | Killed Grum
 24986 | Lair:1   | Killed Sonja
 24987 | Lair:1   | Reached XP level 13. HP: 28/98 MP: 11/25
 25915 | Lair:2   | Reached skill level 5 in Air Magic
 26156 | Lair:2   | Offered knowledge of Searing Ray by Vehumet.
 26507 | Lair:2   | Reached *** piety under Vehumet
 26713 | Lair:2   | Found a staircase to the Shoals.
 27153 | Lair:3   | Acquired 648 gold pieces
 27292 | Lair:3   | Offered knowledge of Hailstorm by Vehumet.
 27455 | Lair:3   | Found a staircase to the Snake Pit.
 27945 | Lair:3   | You fall into a shaft and drop 3 floors!
 27945 | Lair:6   | Entered Level 6 of the Lair of Beasts
 27962 | Lair:6   | Noticed an eight-headed hydra
 27992 | Lair:5   | Reached **** piety under Vehumet
 28091 | Lair:5   | Found a staircase to the Slime Pits.
 28229 | Lair:5   | Noticed an eight-headed hydra
 28564 | Lair:3   | Offered knowledge of Flame Wave by Vehumet.
 29342 | Lair:4   | Reached XP level 14. HP: 93/108 MP: 23/27
 31000 | Lair:5   | Reached skill level 10 in Stealth
 31441 | Lair:5   | Reached skill level 10 in Spellcasting
 31715 | Lair:6   | Noticed Snorg
 31729 | Lair:6   | Killed Snorg
 31739 | Lair:6   | Reached skill level 10 in Fighting
 31754 | Lair:6   | HP: 2/165 [cloud of freezing vapour (10)]
 31927 | Lair:6   | Reached ***** piety under Vehumet
 32019 | Lair:6   | Offered knowledge of Fireball by Vehumet.
 32597 | Lair:6   | Found an ancient bone altar of Kikubaaqudgha.
 32859 | Lair:6   | Reached XP level 15. HP: 116/116 MP: 24/30
 32984 | Lair:6   | Reached XP level 16. HP: 123/123 MP: 30/32
 33441 | Lair:1   | Noticed Gastronok
 33457 | Lair:1   | Killed Gastronok
 33552 | D:12     | Reached skill level 1 in Shields
 34498 | D:14     | Noticed Agnes
 34509 | D:14     | Killed Agnes
 34826 | D:14     | Noticed Louise
 34842 | D:14     | Killed Louise
 35016 | D:14     | Found a gate to the Vaults.
 35377 | D:14     | Found an ornate altar of the Wu Jian Council.
 36208 | D:14     | Learned a level 5 spell: Fireball
 37119 | D:14     | Found a stormy altar of Qazlal.
 37579 | D:2      | Bought a wand of iceblast (5) for 80 gold pieces
 37769 | D:5      | Killed Esekla's ghost
 37802 | D:5      | Killed frimble's ghost
 38160 | Orc:1    | Entered Level 1 of the Orcish Mines
 38441 | Orc:2    | Entered Level 2 of the Orcish Mines
 38449 | Orc:2    | Reached skill level 10 in Conjurations
 38453 | Orc:2    | Offered knowledge of Irradiate by Vehumet.
 38996 | Orc:1    | Found Pelefo's Distillery.
 39001 | Orc:1    | Bought a potion of resistance for 120 gold pieces
 39001 | Orc:1    | Bought a potion of curing for 36 gold pieces
 39001 | Orc:1    | Bought a potion of heal wounds for 60 gold pieces
 39001 | Orc:1    | Bought a potion of resistance for 120 gold pieces
 39001 | Orc:1    | Bought 2 potions of curing for 72 gold pieces
 39237 | Orc:2    | Reached skill level 5 in Shields
 39241 | Orc:2    | Reached XP level 17. HP: 124/126 MP: 28/34
 39891 | Orc:2    | Found Huwnonue's Magic Scroll Shop.
 39891 | Orc:2    | Found Pytim's Magic Scroll Emporium.
 39907 | Orc:2    | Found Obaotoang's Antique Armour Shoppe.
 39907 | Orc:2    | Found Ockytt's Magic Scroll Shop.
 39977 | Orc:2    | Bought a scroll of brand weapon for 340 gold pieces
 39980 | Orc:2    | Bought a scroll of summoning for 114 gold pieces
 39980 | Orc:2    | Bought a scroll of summoning for 114 gold pieces
 39980 | Orc:2    | Bought a scroll of summoning for 114 gold pieces
 39981 | Orc:2    | Bought 2 scrolls of magic mapping for 77 gold pieces
 39981 | Orc:2    | Bought a scroll of enchant weapon for 82 gold pieces
 39981 | Orc:2    | Bought a scroll of fear for 38 gold pieces
 39981 | Orc:2    | Bought a scroll of fog for 22 gold pieces
 39982 | Orc:2    | Acquired 365 gold pieces
 39987 | Orc:2    | Bought 2 scrolls of acquirement for 1248 gold pieces
 39987 | Orc:2    | Bought a scroll of fear for 42 gold pieces
 39990 | Orc:2    | Acquired a book of Chaos
 40158 | Orc:2    | Found a staircase to the Elven Halls.
 40289 | Orc:2    | Bought a scroll of fear for 59 gold pieces
 40326 | Orc:1    | Bought 2 potions of mutation for 192 gold pieces
 40404 | D:14     | Gained mutation: Your body sometimes deteriorates upon
                  | taking damage. [potion of mutation]
 40404 | D:14     | Gained mutation: You have large cloven feet. [potion of
                  | mutation]
 40404 | D:14     | Gained mutation: You are robust. (+10% HP) [potion of
                  | mutation]
 40404 | D:14     | Gained mutation: You passively map a small area around you.
                  | [potion of mutation]
 40425 | D:14     | Learned a level 6 spell: Conjure Ball Lightning
 40582 | Shoals:1 | Entered Level 1 of the Shoals
 40582 | Shoals:1 | Noticed Nikola
 40585 | Lair:2   | Acquired a staff of air
 40606 | Lair:2   | Killed Nikola
 40706 | Lair:2   | Offered knowledge of Orb of Destruction by Vehumet.
 40719 | Lair:2   | Learned a level 7 spell: Orb of Destruction
 41045 | Shoals:1 | Found Douwyff's General Store.
 41365 | Shoals:1 | Found Ucuyqi's Magic Scroll Emporium.
 41373 | Shoals:1 | Bought a scroll of enchant armour for 135 gold pieces
 41378 | Shoals:1 | Noticed Roxanne
 41519 | Shoals:1 | Killed Roxanne
 42033 | Shoals:1 | Reached skill level 10 in Fire Magic
 42139 | Shoals:1 | Found Jywesejo's Weapon Shop.
 42431 | Shoals:1 | Found Baugokla's Book Emporium.
 42608 | Shoals:1 | Noticed a kraken
 42653 | Shoals:1 | Killed a kraken
 42761 | Shoals:1 | Offered knowledge of Iskenderun's Battlesphere by Vehumet.
 42917 | Shoals:3 | Reached XP level 18. HP: 118/156 MP: 36/36
 43032 | Shoals:2 | Identified the +10 mace of Karma {flame, rF++ rC- rN+
                  | Will+}
 43359 | Shoals:2 | Noticed a kraken
 43557 | Shoals:2 | Killed a kraken
 43924 | Shoals:4 | Entered Level 4 of the Shoals
 43965 | Shoals:3 | Noticed Ilsuiw
 43984 | Shoals:3 | Killed Ilsuiw
 45333 | Shoals:4 | Noticed Polyphemus
 46198 | Shoals:4 | Noticed Aizul
 46210 | Shoals:4 | Killed Aizul
 46326 | Shoals:4 | Noticed Donald
 46339 | Shoals:4 | Killed Donald
 46475 | Shoals:4 | Identified the +7 bardiche of Execution {flame, Contam rF+
                  | Will+ Dex+4}
 46479 | Shoals:4 | Offered knowledge of Ozocubu's Refrigeration by Vehumet.
 46644 | Shoals:4 | Reached skill level 15 in Spellcasting
 47832 | Shoals:4 | Reached XP level 19. HP: 165/165 MP: 25/38
 48038 | Shoals:4 | Killed Polyphemus
 48439 | Shoals:4 | Got a barnacled rune of Zot
 48446 | Shoals:4 | Got Torega's Papyrus of Cold and Transmutation
 49114 | Snake:1  | Entered Level 1 of the Snake Pit
 49312 | Snake:1  | Noticed Kirke
 49484 | Lair:3   | Killed Kirke
 49746 | Snake:2  | You fall into a shaft and drop 1 floor!
 50318 | D:15     | Entered Level 15 of the Dungeon
 50353 | D:15     | Reached skill level 10 in Shields
 50808 | Vaults:1 | Entered Level 1 of the Vaults
 51540 | D:15     | Found a staircase to the Depths.
 51736 | D:15     | Got the Catalogue of Virous Enchantment
 52065 | D:15     | Identified the +4 ring mail of the Ninety-Nine Cities
                  | {rPois Str+2 Int+5 Dex+3}
 52390 | Depths:1 | Entered Level 1 of the Depths
 53500 | D:14     | Lost mutation: You have large cloven feet. [potion of
                  | mutation]
 53500 | D:14     | Lost mutation: You are robust. (+10% HP) [potion of
                  | mutation]
 53500 | D:14     | Lost mutation: You passively map a small area around you.
                  | [potion of mutation]
 53500 | D:14     | Gained mutation: Your mind is acute. (Int +2) [potion of
                  | mutation]
 53501 | D:14     | Lost mutation: Your body sometimes deteriorates upon taking
                  | damage. [potion of mutation]
 53501 | D:14     | Lost mutation: Your mind is acute. (Int +2) [potion of
                  | mutation]
 53501 | D:14     | Gained mutation: You have hidden genetic defects. [potion
                  | of mutation]
 53502 | D:14     | Lost mutation: You have hidden genetic defects. [potion of
                  | mutation]
 53502 | D:14     | Gained mutation: You are strong-willed. (Will+) [potion of
                  | mutation]
 53502 | D:14     | Gained mutation: You possess an exceptional clarity of
                  | mind. [potion of mutation]
 54335 | Snake:1  | Found Kisumuru's Assorted Antiques.
 54383 | Snake:1  | Found Dunenas's Magic Scroll Shoppe.
 54385 | Snake:1  | Found Watwai's Magic Scroll Emporium.
 54391 | Snake:1  | Bought a scroll of magic mapping for 52 gold pieces
 54393 | Snake:1  | Bought a scroll of magic mapping for 66 gold pieces
 54393 | Snake:1  | Bought a scroll of magic mapping for 66 gold pieces
 54459 | Snake:1  | Offered knowledge of Starburst by Vehumet.
 54751 | Snake:1  | Identified the +10 hand axe of Gufioc {holy, rElec}
 55696 | Snake:2  | Noticed Vashnia
 55706 | Snake:2  | Killed Vashnia
 56148 | Snake:2  | Reached XP level 20. HP: 159/159 MP: 35/39
 56167 | Snake:2  | Found Raohan's General Store.
 56182 | Snake:2  | Learned a level 4 spell: Olgreb's Toxic Radiance
 56716 | Snake:2  | Offered knowledge of Ignition by Vehumet.
 58073 | Snake:2  | Learned a level 4 spell: Passage of Golubria
 58594 | Snake:3  | Reached skill level 1 in Translocations
 59406 | Snake:4  | Entered Level 4 of the Snake Pit
 62098 | Snake:4  | Reached skill level 5 in Translocations
 62799 | Snake:4  | Reached XP level 21. HP: 151/166 MP: 14/40
 63879 | Snake:4  | Reached ****** piety under Vehumet
 64296 | Snake:4  | Got a serpentine rune of Zot
 64827 | Elf:1    | Entered Level 1 of the Elven Halls
 66118 | Elf:1    | Got the Reference Book on Conjuration
 66228 | Elf:1    | Offered knowledge of Fire Storm by Vehumet.
 66228 | Elf:1    | Offered knowledge of Chain Lightning by Vehumet.
 66228 | Elf:1    | Offered knowledge of Polar Vortex by Vehumet.
 68230 | Elf:2    | Found a runed translucent gate.
 68230 | Elf:2    | Found a runed translucent gate.
 68230 | Elf:2    | Found a runed translucent gate.
 68350 | Elf:3    | Entered Level 3 of the Elven Halls
 69619 | Elf:3    | Reached skill level 10 in Translocations
 69621 | Elf:3    | Reached XP level 22. HP: 173/173 MP: 28/42
 72105 | Elf:3    | Got the Grimoire of Scorching Battle Magic
 72107 | Elf:3    | Identified the +10 arbalest "Vozaddic" {speed, rC- Str+3
                  | Dex+4}
 72117 | Elf:3    | Identified the +1 plate armour of the Iron City of Dis
                  | {Int+3 Dex+2}
 72389 | Elf:3    | Found Gecsutel's Book Emporium.
 72395 | Elf:3    | Bought a book of Ice for 782 gold pieces
 72395 | Elf:3    | Bought a book of Alchemy for 476 gold pieces
 72398 | Elf:3    | Learned a level 2 spell: Sublimation of Blood
 72471 | Elf:3    | Reached skill level 1 in Necromancy
 74380 | Vaults:1 | Reached skill level 5 in Armour
 75402 | Vaults:1 | Reached skill level 5 in Necromancy
 75408 | Vaults:1 | Reached XP level 23. HP: 118/179 MP: 26/44
 75642 | Vaults:1 | Found Muhudyme's General Store.
 76460 | Vaults:1 | Reached skill level 15 in Fire Magic
 76576 | Vaults:1 | Found Hair's Antique Weapon Shoppe.
 77537 | Vaults:3 | Noticed Jory
 78859 | Vaults:2 | Found the +9 heavy crossbow "Sniper" {vorpal, Acc+∞ SInv}
 80157 | Vaults:2 | Found a staircase to the Crypt.
 80160 | Crypt:1  | Entered Level 1 of the Crypt
 80685 | Crypt:1  | Identified the ring "Namesoa" {Ice rPois Dex+3 SInv}
 80685 | Crypt:1  | Noticed Josephina
 81837 | Vaults:2 | Acquired a +0 pair of boots of flying
 82137 | Snake:1  | Bought a scroll of acquirement for 988 gold pieces
 82255 | Snake:1  | Bought a potion of heal wounds for 145 gold pieces
 82255 | Snake:1  | Acquired the +2 pair of gloves "Pirue" {Will+}
 82598 | Depths:1 | Found a bloodstained altar of Trog.
 83758 | Depths:1 | Found a gateway to Hell.
 84461 | Depths:1 | Reached XP level 24. HP: 165/187 MP: 26/45
 84476 | Depths:1 | Learned a level 9 spell: Fire Storm
 84746 | Depths:2 | Found a one-way gate leading to the halls of Pandemonium.
 85558 | Depths:2 | Found a one-way gateway to a ziggurat.
 85645 | Depths:3 | Noticed Vv
 85875 | Depths:3 | Found a one-way gate to the infinite horrors of the Abyss.
 86427 | Depths:4 | Entered Level 4 of the Depths
 88465 | Depths:3 | Identified the ring "Yrghigoma" {rPois Int+6}
 88515 | Depths:3 | Found Zin's Purification Station.
 88518 | Depths:3 | Found a glowing silver altar of Zin.
 88726 | Depths:4 | Noticed a caustic shrike
 88726 | Depths:4 | Noticed a caustic shrike
 88726 | Depths:4 | Noticed a caustic shrike
 89140 | Depths:4 | HP: 8/187 [acid (4)]
 89140 | Depths:4 | HP: 2/187 [caustic shrike (6)]
 89140 | Depths:4 | Splashed by a caustic shrike's acid

Illustrated notes

Levels and vault maps discovered:
D:1:      noname_arrival_rooms_in_the_neighbourhood, layout_loops_ring,
          shapermc_ecumenical_altar_hornbeckon
D:2:      layout_basic, serial_shops, nicolae_shop_advertising_works
          [nicolae_subvault_shop_adworks]
D:3:      lemuel_castle_with_subvaults [lemuel_castle_interior_carwin_2],
          layout_basic, chequers_temple_overflow_statue_of_worship,
          minmay_box_of_dots, uniq_terence
D:4:      layout_basic, amcnicky_altar_gilded, minitemple, uniq_ijyb,
          uniq_natasha, uniq_eustachio
D:5:      layout_basic, minmay_temple_entry_nine_rooms,
          gammafunk_ghost_cemetery, uniq_prince_ribbit1, uniq_crazy_yiuf_cottage
D:6:      nicolae_whirlpool, layout_gridville, kennysheep_mini_moat,
          fountainhead, solitary_fountain, minmay_misc_feat_chi, uniq_maggie,
          uniq_pikel
D:7:      minmay_skewed_foursquare, layout_loops_ring,
          chequers_serial_rivers_small_b, grunt_ministairs_1,
          guppyfry_early_elven_hall, uniq_menkaure, uniq_duvessa
D:8:      layout_rooms, mainiacjoe_overflow_brackets,
          nicolae_dithmenos_through_a_glass_darkly, fedhas_altar_2
D:9:      layout_stronghold, serial_column_ruins, column_ruins_hut_pillars,
          column_ruins_open_tiny, column_ruins_grid_4,
          column_ruins_columns_straight, column_ruins_columns_T,
          column_ruins_open_tiny, column_ruins_open_small, minmay_puff
D:10:     layout_loops_cross, mainiacjoe_overflow_big_doors, okawaru_gym_becter,
          nicolae_figureground_sparkle, uniq_harold
D:11:     layout_layer_cave, due_lair_maze_entry_diamond
D:12:     layout_basic, orc_david_3, moated_statue
D:13:     evilmike_horseshoe, layout_basic
D:14:     layout_gridville, erik_vaults_2, serial_ice, serial_ice_m,
          serial_ice_e, serial_ice_i, serial_ice_h, serial_ice_n, serial_ice_a,
          serial_ice_g, portal_ice_cave_entry_ugly_swarm,
          nzn_wu_jian_contemplation, nicolae_qazlal_scattered_showers,
          uniq_agnes, uniq_louise
D:15:     gammafunk_depths_entry_grave, layout_basic, dreamdust_princess_bridge,
          grunt_decor_junction
Temple:   nicolae_temple_figure_zero
Lair:1:   layout_hall_layers, uniq_sonja, uniq_gastronok, uniq_grum
Lair:2:   layout_chaotic_city, shoals_dummy_entry, grunt_forest_large_clearings
Lair:3:   layout_gridlike, minmay_snake_entry_guardpost_small,
          serial_bayou_pond_d, st_stairs_9, beast_lair_carwin_6,
          lemuel_fruit_fields, grunt_megastairs_4
Lair:4:   layout_hall_layers
Lair:5:   layout_cave_pods, minmay_slime_entry_jelly_boxes,
          chequers_serial_rivers_room_b, hangedman_lair_generics_rect,
          grunt_megastairs_3, lemuel_fruit_tree, infiniplex_staircase_pool,
          serial_bayou_shore_b
Lair:6:   gammafunk_lair_ancient_temple, layout_loops_ring, basic_altar,
          fungi_pond_lemuel, uniq_snorg
Shoals:1: layout_shoals, serial_shops, nicolae_shop_bloodbath_and_beyond,
          nicolae_shop_crystal, nicolae_lakefront_shop,
          nicolae_shop_statue_plus, nicolae_shoals_sun_and_surf, uniq_roxanne,
          uniq_nikola
Shoals:2: layout_shoals
Shoals:3: layout_shoals, uniq_ilsuiw
Shoals:4: shoals_end_hellmonk_storm_palace [storm_palace_center_circular,
          storm_palace_corner_blocked, storm_palace_corner_narrow,
          storm_palace_corner_reverse_hut, storm_palace_corner_grid],
          uniq_polyphemus, uniq_donald, uniq_aizul
Snake:1:  layout_basic, nicolae_snake_squiggles, nicolae_snake_salamander_zone,
          minmay_shop_star, uniq_kirke
Snake:2:  layout_gridlike, serial_shops, shop, drop_trap, grunt_megastairs_5,
          uniq_vashnia
Snake:3:  layout_cave_town, serial_bayou_shore_b, serial_bayou_shore_b
Snake:4:  snake_pit_salamanders_mu, layout_layer_cave, special_room
Orc:1:    layout_caves, serial_shops, shop, nicolae_orc_lost_temple
Orc:2:    st_orc_ogre_mass, layout_caves
Elf:1:    eino_elf_arrival_customs, layout_loops_ring, minmay_elf_annihilation
Elf:2:    elven_hall_of_blades_hangedman_original [mumra_blade_entry_bloodbath],
          layout_loops_corners, nicolae_elf_glass_and_crystal_pillar_2
Elf:3:    minmay_elf_hall_circle, layout_geoelf_diagonals, serial_shops,
          nicolae_square_shop
Vaults:1: mu_enter_wizlab_4, vaults_room_corners,
          vaults_standard_mumra_enter_the_diamond, nicolae_vaults_gold_heap,
          v_misc_25, nicolae_vaults_sealed_display, vaults_dpeg_spiral,
          nicolae_vaults_what_the_h, layout_vaults_quadrants, serial_shops,
          shop, shop_statue
Vaults:2: v_misc_2, nicolae_vaults_specimen_jars, minmay_crypt_entry_simple_box,
          grunt_vaults_diagonal, v_rooms_4, nicolae_vaults_shelves_hall,
          st_cells, hangedman_vaults_slice, nicolae_vaults_yaktaur_gun_rack,
          ontoclasm_vaults_decontamination, layout_vaults_chaotic_city
Vaults:3: ontoclasm_vaults_ligature, ontoclasm_vaults_hangar,
          hangedman_vaults_slither, ontoclasm_vaults_gateway,
          hangedman_vaults_variations, v_misc_28, vaults_room_corners,
          vaults_standard_mumra_lines, v_misc_25, grunt_vaults_funnel,
          vaults_mumra_chevron, vaults_room_pools, layout_vaults_maze_bifur,
          uniq_asterion, uniq_zenata, uniq_jory, uniq_bai_suzhen
Crypt:1:  layout_basic, st_stairs_13, uniq_josephina
Depths:1: layout_gridlike, hangedman_tar_grid_catacomb, grunt_ministairs_14,
          trog_three_pillars_becter, serial_bayou_shore_b
Depths:2: dreamdust_merry_men, layout_cave_pools, enter_ziggurat_a, hex_tiny,
          hell_entry, pan_entry, minmay_swirly_circle
Depths:3: minmay_mutant_horseshoe, layout_gridlike, nicolae_figureground_pulse,
          abyss_entry, hell_entry, zin_purify, infiniplex_staircase_pillars_3a,
          uniq_vv
Depths:4: grunt_bruiser_brothers, layout_cave_pools, serial_bayou_pond_a,
          rand_demon_pan_entry_5, hellmouth_1, minmay_shop_grove,
          uniq_saint_roka

Skill      XL: |  1  2  3  4  5  6  7  8  9 10 11 12 13 14 15 16 17 18 19 20 21 22 23 24 |
---------------+-------------------------------------------------------------------------+-----
Dodging        | 2 3 4 5 6 |  6.0
Stealth        | 1 2 3 5 7 8 9 10 11 12 | 12.0
Armour         | 1 2 3 5 8 9 |  9.6
Fighting       | 2 3 4 6 7 9 10 11 12 13 14 | 14.6
Spellcasting   | 2 3 4 6 7 8 9 11 12 13 14 15 16 17 18 | 18.9
Crossbows      | 3 4 |  4.0
Evocations     | 1 2 3 4 |  4.0
Axes           | 1 2 |  2.0
Staves         | 2 |  2.0
Conjurations   | 3 5 6 7 8 10 11 12 13 14 | 14.4
Air Magic      | 2 3 4 5 6 7 |  7.5
Earth Magic    | 3 6 |  6.3
Ice Magic      | 4 5 6 7 |  7.0
Poison Magic   | 4 |  4.0
Fire Magic     | 2 5 6 7 9 10 11 12 13 14 17 18 | 18.5
Transmutations | 3 |  3.0
Shields        | 5 7 9 11 13 | 13.1
Translocations | 5 10 11 | 11.0
Necromancy     | 5 |  5.0
Hexes          | |  3.6

Action                   |  1- 3 |  4- 6 |  7- 9 | 10-12 | 13-15 | 16-18 | 19-21 | 22-24 || total
-------------------------+-------+-------+-------+-------+-------+-------+-------+-------++-------
Melee: Hand axe          |       |    25 |   168 |       |       |       |       |       ||   193
       Rapier            |       |     8 |     1 |       |       |       |     3 |     1 ||    13
       Dagger            |       |       |    33 |     1 |       |       |       |       ||    34
       Punch             |       |       |     5 |     7 |     2 |       |       |       ||    14
       Quarterstaff      |       |       |    63 |   394 |   109 |   152 |   126 |     3 ||   847
       Whip              |       |       |       |    13 |       |       |       |       ||    13
       Staff             |       |       |       |       |       |     3 |       |    19 ||    22
       Mace              |       |       |       |       |       |       |     4 |     3 ||     7
 Fire: Hand crossbow     |   104 |   172 |   293 |   194 |   231 |   469 |   312 |    11 ||  1786
       Shortbow          |       |       |       |     1 |       |       |       |       ||     1
Throw: Dart              |       |       |    26 |    14 |     1 |     8 |     4 |       ||    53
       Javelin           |       |       |     2 |       |       |       |       |       ||     2
       Throwing net      |       |       |       |     4 |       |       |       |       ||     4
 Cast: Slow              |     3 |    32 |    68 |   142 |    59 |     8 |       |       ||   312
       Mephitic Cloud    |       |       |       |    64 |     3 |    15 |     5 |       ||    87
       Ignite Poison     |       |       |       |    27 |       |     1 |    13 |   159 ||   200
       Stone Arrow       |       |       |       |    22 |       |     9 |    14 |    14 ||    59
       Conjure Flame     |       |       |       |    22 |     2 |     8 |     5 |     1 ||    38
       Sticky Flame      |       |       |       |    19 |    63 |    71 |    49 |    30 ||   232
       Freezing Cloud    |       |       |       |     4 |   105 |   277 |   275 |   158 ||   819
       Fireball          |       |       |       |       |       |    78 |    18 |    21 ||   117
       Orb of Destructio |       |       |       |       |       |    31 |   182 |   265 ||   478
       Conjure Ball Ligh |       |       |       |       |       |     1 |       |       ||     1
       Passage of Golubr |       |       |       |       |       |       |     7 |    21 ||    28
       Olgreb's Toxic Ra |       |       |       |       |       |       |    43 |   149 ||   192
       Sublimation of Bl |       |       |       |       |       |       |       |    41 ||    41
       Fire Storm        |       |       |       |       |       |       |       |     2 ||     2
 Abil: Shaft Self        |       |     1 |       |     5 |       |       |       |       ||     6
       Dig               |       |       |     3 |     4 |     2 |     2 |       |     5 ||    16
Evoke: Wand              |       |     3 |     7 |    17 |     4 |     7 |       |     2 ||    40
       Phantom mirror    |       |       |       |       |       |     1 |       |       ||     1
  Use: Potion            |       |     1 |       |     7 |    14 |     5 |     4 |     3 ||    34
       Scroll            |       |       |     9 |    16 |    10 |    12 |     6 |     4 ||    57
 Stab: Sleeping          |       |       |     1 |       |       |       |     2 |     1 ||     4
       Paralysed         |       |       |       |     1 |       |       |       |       ||     1
       Confused          |       |       |       |    12 |       |     2 |       |       ||    14
       Petrified         |       |       |       |     5 |       |       |       |       ||     5
Armor: Robe              |     9 |       |       |       |       |       |       |       ||     9
       Ring mail         |       |    52 |    87 |    92 |       |       |    68 |   102 ||   401
       Troll leather arm |       |       |       |    50 |    65 |   112 |    46 |       ||   273
       Skin              |       |       |       |       |    21 |       |       |       ||    21
Dodge: Dodged            |    35 |    89 |   211 |   378 |   186 |   307 |   234 |   212 ||  1652
Block: Buckler           |       |       |       |       |       |   106 |       |       ||   106
       Kite shield       |       |       |       |       |       |       |   298 |   172 ||   470
       Reflection        |       |       |       |       |       |       |    74 |    35 ||   109

Table legend: (Time is in decaauts)
 A = Elapsed time spent in this place.
 B = Non-inter-level travel time spent in this place.
 C = Inter-level travel time spent in this place.
 D = Time resting spent in this place.
 E = Time spent auto-exploring this place.
 F = Levels seen in this place.
 G = Mean time per level.
                   A        B        C        D        E       F      G
               +--------+--------+--------+--------+--------+-----+--------+
         Total |  90149 |  82831 |   7318 |  37204 |  15614 |  43 | 2096.5 |
       Dungeon |  33218 |  29467 |   3751 |  11571 |   6145 |  15 | 2214.5 |
        Temple |    201 |    190 |     11 |    128 |     52 |   1 |  201.0 |
          Lair |  11272 |   9879 |   1393 |   3335 |   3338 |   6 | 1878.7 |
        Shoals |   7823 |   7513 |    310 |   3234 |   1394 |   4 | 1955.8 |
     Snake Pit |  11475 |  10898 |    577 |   6253 |    785 |   4 | 2868.8 |
  Orcish Mines |   2732 |   2406 |    326 |   1093 |    417 |   2 | 1366.0 |
   Elven Halls |   7619 |   7361 |    258 |   4171 |   1323 |   3 | 2539.7 |
        Vaults |   8081 |   7695 |    386 |   3943 |   1225 |   3 | 2693.7 |
         Crypt |    608 |    575 |     33 |    145 |     59 |   1 |  608.0 |
        Depths |   7115 |   6845 |    270 |   3328 |    876 |   4 | 1778.8 |
               +--------+--------+--------+--------+--------+-----+--------+

Top non-repeatable levels by time:
Vaults:2: 4975 daAuts
    D:14: 4276 daAuts
 Snake:4: 3988 daAuts
Shoals:4: 3146 daAuts
Vaults:1: 2820 daAuts
     D:3: 2770 daAuts
   Elf:2: 2743 daAuts
   Elf:3: 2741 daAuts
 Snake:1: 2736 daAuts
    D:11: 2663 daAuts
Depths:3: 2585 daAuts
     D:7: 2584 daAuts
Depths:1: 2508 daAuts
    D:10: 2501 daAuts
 Snake:3: 2458 daAuts
